Map: New Repugnancy LE

Players

SKillous

  • Race: Protoss Protoss
  • Spawn Location: 1:00

ShaDoWn - Winner!

  • Race: Protoss Protoss
  • Spawn Location: 7:00

Event: 2019 WCS Spring

VOD

Have the link to the VOD?

Description

Time

  • Played on: May 17, 2019, 10:36 a.m.
  • Length: 13:06

All games in this series

Show
View Real Time Build Order
Export as new Build Order

SKillous Protoss 

Build Orders: Blink Stalkers 

Get SALT Encoding   

  12  0:00  Probe  
  13  0:12  Probe  
  14  0:17  Pylon  
  14  0:24  Probe  
  15  0:32  Probe  
  15  0:40  Probe  
  15  0:41  Gateway  
  16  0:49  Assimilator  
  17  0:51  Probe  
  17  0:55  Assimilator  
  18  0:59  Probe  
  19  1:07  Probe  
  19  1:08  Gateway  
  19  1:17  Probe  
  21  1:28  Cybernetics Core  
  21  1:30  Probe  
  22  1:36  Pylon  
  22  1:42  Probe  
  24  1:54  Warp Gate, Probe  
  24  2:04  Stalker x2  
  28  2:09  Pylon  
  28  2:34  Sentry x2  
  32  2:40  Nexus  
  32  2:43  Probe  
  33  2:55  Probe  
  33  2:57  Twilight Council  
  34  3:05  Pylon  
  34  3:08  Shield Battery  
  34  3:12  Probe  
  35  3:21  Probe  
  35  3:27  Blink  
  36  3:29  Probe  
  36  3:38  Shield Battery  
  36  3:42  Probe, Adept x2  
  41  3:49  Shield Battery  
  41  3:51  Probe  
  41  3:53  Probe  
  43  3:59  Probe  
  43  4:05  Probe  
  43  4:07  Shield Battery  
  43  4:09  Probe  
  46  4:17  Probe  
  46  4:19  Probe  
  46  4:22  Pylon  
  44  4:27  Gateway, Shield Battery  
  44  4:31  Probe, Gateway  
  44  4:35  Probe  
  46  4:39  Shield Battery  
  46  4:43  Stalker  
  46  4:44  Probe  
  49  4:49  Stalker  
  49  4:50  Probe  
  52  4:56  Probe  
  53  5:03  Robotics Facility  
  53  5:04  Pylon  
  53  5:05  Assimilator  
  53  5:06  Shield Battery  
  53  5:08  Probe  
  53  5:11  Probe  
  53  5:12  Stalker  
  57  5:18  Stalker  
  57  5:20  Probe  
  60  5:23  Probe  
  60  5:27  Assimilator  
  61  5:30  Stalker x2  
  65  5:36  Stalker, Pylon  
  67  5:43  Gateway  
  67  5:45  Gateway  
  67  5:53  Stalker  
  69  6:00  Stalker  
  69  6:02  Stalker  
  69  6:03  Stalker  
  75  6:12  Observer  
  75  6:17  Stalker  
  76  6:18  Probe  
  76  6:22  Robotics Bay  
  75  6:33  Observer  
  75  6:37  Stalker  
  75  6:38  Stalker x2  
  79  6:42  Stalker x3  
  85  6:50  Probe  
  85  6:51  Pylon  
  83  6:58  Probe  
  83  6:59  Probe  
  83  7:01  Adept x2  
  80  7:07  Probe  
  78  7:10  Probe  
  78  7:13  Disruptor  
  72  7:25  Probe  
  72  7:26  Stalker x4  
  72  7:28  Probe  
  84  7:36  Pylon  
  84  7:40  Pylon  
  84  7:41  Colossus  
  84  7:52  Probe  
  84  7:54  Probe  
  92  7:59  Pylon  
  92  8:14  Nexus  
  90  8:21  Pylon  
  90  8:23  Pylon  
  90  8:24  Colossus  
  88  8:28  Charge  
  88  8:41  Stalker  
  96  8:42  Stalker  
  96  9:03  Templar Archives  
  96  9:04  Zealot x3  
  102  9:12  Disruptor  
  99  9:18  Zealot  
  98  9:29  Stalker x2  
  100  9:41  High Templar  
  100  9:43  High Templar  
  100  9:44  Probe x2  
  106  9:49  Archon  
  94  10:03  Disruptor  
  88  10:07  Zealot x4  
  81  10:28  Zealot x4  
  81  10:29  Zealot x2  
  81  10:34  Warp Prism  
  82  10:52  High Templar x3  
  82  10:53  High Templar  
  82  10:56  Nexus  
  88  10:57  Archon x2  
  88  11:02  Zealot x2  
  92  11:05  Probe x2  
  94  11:24  Stalker x3  
  100  11:25  Stalker  
  100  11:27  Observer  
  103  11:39  Zealot x2  
  101  11:43  Probe  
  96  11:56  Zealot x4  
  87  12:05  Immortal  
  61  12:20  High Templar x2  
  61  12:21  High Templar  
  61  12:22  Zealot x2, High Templar  
  73  12:25  Archon  
  73  12:30  Archon  
  69  12:42  Zealot x4  
  75  12:57  Zealot x2  
Show
View Real Time Build Order
Export as new Build Order

ShaDoWn Protoss - Winner!

Build Orders: Archon Immortal 

Get SALT Encoding   

  12  0:00  Probe  
  13  0:12  Probe  
  14  0:18  Pylon  
  14  0:24  Probe  
  15  0:32  Probe  
  15  0:40  Probe, Gateway  
  16  0:47  Assimilator  
  17  0:51  Probe  
  17  0:56  Assimilator  
  18  1:00  Probe  
  19  1:09  Probe  
  19  1:14  Gateway  
  19  1:18  Probe  
  21  1:28  Cybernetics Core  
  21  1:30  Probe  
  22  1:35  Pylon  
  22  1:42  Probe  
  23  1:55  Probe  
  24  2:05  Warp Gate, Adept x2  
  24  2:08  Probe  
  29  2:16  Pylon  
  29  2:35  Stalker x2  
  33  2:51  Nexus  
  33  2:53  Probe  
  33  3:05  Sentry x2, Probe  
  38  3:08  Pylon  
  38  3:17  Probe  
  39  3:21  Forge  
  39  3:28  Probe  
  40  3:35  Robotics Facility  
  40  3:36  Probe  
  41  3:44  Probe  
  42  3:52  Pylon  
  42  3:56  Probe  
  42  3:59  Probe  
  43  4:08  Probe x2  
  45  4:10  Protoss Ground Weapons Level 1, Shield Battery  
  45  4:13  Stalker  
  47  4:21  Probe x2  
  49  4:29  Probe x2  
  50  4:31  Observer  
  50  4:37  Probe  
  52  4:39  Probe  
  52  4:40  Twilight Council  
  54  4:46  Assimilator x2  
  54  4:47  Probe  
  54  4:50  Probe  
  56  4:54  Warp Prism  
  56  4:59  Probe  
  59  5:04  Probe  
  59  5:06  Gateway  
  60  5:12  Gateway  
  60  5:18  Templar Archives  
  60  5:19  Immortal  
  60  5:25  Probe  
  60  5:28  Charge  
  57  5:34  Probe  
  62  5:42  Pylon  
  62  5:46  Shield Battery  
  62  5:55  Immortal, Shield Battery  
  62  5:59  Pylon  
  62  6:04  Adept x2  
  69  6:18  Probe  
  70  6:20  Pylon x2  
  70  6:27  Probe  
  70  6:29  Protoss Ground Weapons Level 2  
  69  6:33  Probe  
  69  6:40  High Templar x4  
  69  6:42  Probe  
  69  6:43  Pylon  
  69  6:45  Shield Battery  
  78  6:48  Archon x2  
  78  6:53  Immortal, Pylon x2  
  78  7:03  Pylon  
  78  7:06  Gateway  
  78  7:08  Blink, Gateway  
  80  7:12  Stalker x4  
  76  7:24  Immortal  
  76  7:35  Probe  
  76  7:36  Probe  
  82  7:47  Probe  
  82  7:50  Probe  
  84  7:57  Stalker x2, Immortal  
  92  8:06  Gateway  
  92  8:12  Stalker x3  
  97  8:26  Pylon  
  95  8:37  Stalker x4  
  102  8:42  Pylon  
  102  8:46  Pylon  
  102  8:54  Observer  
  99  9:01  Adept  
  99  9:02  Adept x2  
  103  9:03  Adept  
  105  9:18  Observer  
  106  9:37  Nexus  
  106  9:44  Protoss Ground Weapons Level 3  
  90  10:01  Probe  
  77  10:10  Immortal  
  77  10:15  Stalker x6  
  77  10:38  Stalker x5  
  71  10:51  Stalker x2  
  75  11:02  Stalker x2  
  79  11:10  Observer  
  79  11:11  Stalker x2  
  84  11:16  Stalker  
  86  11:26  Stalker x2  
  90  11:38  Stalker  
  90  11:39  Stalker x2  
  90  11:48  Stalker x2  
  90  11:51  Stalker  
  92  12:01  Stalker x2  
  86  12:15  Stalker x4  
  94  12:21  Stalker  
  96  12:25  Stalker  
  96  12:29  Pylon  
  98  12:36  Observer  
  98  12:41  Stalker x2  
  98  12:42  Stalker  
Tags
 
Add a new tag
Caveats
  • Supply blocks, unpowered buildings, or Contaminate may cause inaccurate times.
  • Supply counts are checked every 10 seconds.